 Dungeon Crawl Stone Soup version 0.21-a0-578-gc6e9d75 (webtiles) character file.

4517 polly the Basher (level 10, -4/79 HPs)
             Began as a Demonspawn Berserker on Dec 18, 2017.
             Was an Elder of Trog.
             Slain by a death yak (21 damage)
             ... on level 8 of the Dungeon.
             The game lasted 00:11:53 (7179 turns).

polly the Basher (Demonspawn Berserker)             Turns: 7179, Time: 00:11:53

Health: -4/79      AC: 12    Str: 18    XL:     10   Next: 16%
Magic:  10/10      EV: 10    Int:  9    God:    Trog [****..]
Gold:   460        SH:  6    Dex: 17    Spells: 9/9 levels left

rFire    . . .     SeeInvis .   y - +0 morningstar
rCold    . . .     Gourm    .   (no shield)
rNeg     . . .     Faith    .   E - +0 chain mail
rPois    .         Spirit   .   n - +0 helmet
rElec    .         Reflect  .   (no cloak)
rCorr    +         Harm     .   D - +0 pair of gloves
MR       .....                  (no boots)
Stlth    ..........             (no amulet)
HPRegen  0.23/turn              l - +2 ring of dexterity
MPRegen  0.12/turn              C - ring of resist corrosion

@: berserk cooldown, slowed, very slow
A: talons 2, large bone plates 2, nightstalker 1, powered by death 1
a: Berserk, Trog's Hand, Brothers in Arms, Burn Spellbooks, Renounce Religion


You were on level 8 of the Dungeon.
You worshipped Trog.
Trog was greatly pleased with you.
You were hungry.

You visited 1 branch of the dungeon, and saw 8 of its levels.

You collected 460 gold pieces.

Inventory:

Hand Weapons
 y - a +0 morningstar (weapon)
Armour
 n - a +0 helmet (worn)
 s - a +0 ring mail
 D - a +0 pair of gloves (worn)
 E - a +0 chain mail (worn)
Jewellery
 l - a +2 ring of dexterity (left hand)
 C - a ring of resist corrosion (right hand)
Wands
 e - a wand of iceblast (18)
Scrolls
 a - a scroll of identify
 b - a scroll of random uselessness {unknown}
 f - 2 scrolls of magic mapping
 j - 5 scrolls of teleportation
 k - a scroll of fog {unknown}
 o - 5 scrolls of remove curse
 p - 4 scrolls of enchant weapon {unknown}
 q - 2 scrolls of enchant armour {unknown}
 w - 3 scrolls of immolation {unknown}
 x - 4 scrolls of amnesia {unknown}
 A - a scroll of blinking {unknown}
Potions
 d - a potion of heal wounds
 g - 2 potions of agility
 h - 2 potions of might
 i - a potion of resistance {unknown}
 m - 2 potions of cancellation {unknown}
 r - 2 potions of flight {unknown}
 t - 3 potions of haste
 u - a potion of mutation {unknown}
 v - a potion of invisibility {unknown}
 z - 2 potions of curing {unknown}
Comestibles
 c - 10 rations


   Skills:
 + Level 7.1 Fighting
 + Level 10.0 Maces & Flails
 + Level 6.3 Armour
 + Level 4.5 Dodging
 + Level 2.0 Stealth


You had 9 spell levels left.
You didn't know any spells.

Dungeon Overview and Level Annotations

Branches:
Dungeon (8/15)             Temple (0/1) D:7
   Lair: D:8-11

Altars:
Ashenzari
Elyvilon
Gozag
Kikubaaqudgha
Makhleb
Nemelex Xobeh
Qazlal
Ru
Sif Muna
Uskayaw
Vehumet
Yredelemnul

Shops:
D:5 !*[%*   D:7 }

Annotations:
D:3 polly's ghost, amateur DsBe
D:7 Psyche


Innate Abilities, Weirdness & Mutations

You have razor-sharp toenails.
You are mostly covered in large bone plates. (SH +6)
You are slightly more attuned to the shadows.
You regenerate a little health from kills.


Message History

You block the death yak's attack.
You completely miss the death yak. You claw the death yak.
The death yak is heavily wounded.
You are no longer berserk.
You are exhausted.
You feel yourself slow down.
Your chain mail prevents you from hitting the death yak.
Your kick misses the death yak.
The death yak is heavily wounded.
You block the death yak's attack. The death yak completely misses you.
You barely miss the death yak.
You claw the death yak, but do no damage.
The death yak is heavily wounded.
The death yak gores you!!
* * * LOW HITPOINT WARNING * * *
You puncture the death yak!
You claw the death yak, but do no damage.
The death yak is severely wounded.
The death yak completely misses you. The death yak gores you!!
You die...

# #.......... #
.....#.... #
#..o....#.
####### ........
....... #.....
#...... #Y..#
#.##### #..# ..#
#######o.# # ..#
#....@YYr# .# ^.#
#.######.####.###
..# # #.....>..##
..# ###.......#
### #.##.#..# #
#####.##.#..###
...............#
######.##.#..#.#
######.##......#


You could see 2 death yaks, an orc and a quokka.

Vanquished Creatures
  A death yak (D:8)
  The ghost of polly the Cudgeler, a novice DsBe of Trog (D:8)
  Joseph (D:8)
  A wyvern (D:8)
  A hungry ghost (D:7)
  Menkaure (D:4)
  3 orc warriors
  2 black bears (D:7)
  2 ice beasts
  A sky beast (D:8)
  3 ogres
  2 phantoms
  2 centaurs (D:5)
  4 bullfrogs
  2 scorpions
  4 wights (D:6)
  3 howler monkeys
  2 crimson imps (D:5)
  2 hounds
  A jelly (D:5)
  A quasit (D:7)
  2 orc priests
  2 iguanas (D:5)
  3 orc wizards
  3 worker ants
  A hound zombie (D:5)
  A hound skeleton (D:5)
  A gnoll (D:1)
  8 adders
  3 shadow imps
  An ooze (D:3)
  An adder skeleton (D:6)
  2 worms
  9 dart slugs
  3 leopard geckos
  22 orcs
  2 ball pythons
  6 bats
  6 giant cockroaches
  5 goblins
  5 hobgoblins
  5 jackals
  6 quokkas
  11 frilled lizards
  A jackal zombie (D:5)
  8 kobolds
  2 leopard gecko skeletons
  A quokka skeleton (D:5)
  9 rats
169 creatures vanquished.

Notes
Turn   | Place    | Note
-------+----------+-------------------------------------------
     0 | D:1      | polly the Demonspawn Berserker began the quest for the Orb.
     0 | D:1      | Reached XP level 1. HP: 18/18 MP: 1/1
   282 | D:1      | Gained mutation: You are partially covered in large bone plates. (SH +4) [demonic ancestry]
   282 | D:1      | Reached XP level 2. HP: 24/24 MP: 2/2
   600 | D:1      | Reached skill level 3 in Maces & Flails
   642 | D:1      | Reached XP level 3. HP: 26/30 MP: 3/3
   735 | D:1      | Reached ** piety under Trog
  1571 | D:2      | Found a sacrificial altar of Ru.
  1576 | D:2      | Found a stormy altar of Qazlal.
  1578 | D:2      | Found a basalt altar of Yredelemnul.
  1578 | D:2      | Found a sparkling altar of Nemelex Xobeh.
  1578 | D:2      | Found an opulent altar of Gozag.
  1580 | D:2      | Found a deep blue altar of Sif Muna.
  1583 | D:2      | Found an ancient bone altar of Kikubaaqudgha.
  1603 | D:2      | Gained mutation: You regenerate a little health from kills. [demonic ancestry]
  1603 | D:2      | Reached XP level 4. HP: 23/37 MP: 4/4
  2394 | D:3      | Noticed polly's ghost (amateur DsBe)
  2525 | D:4      | Gained mutation: You are mostly covered in large bone plates. (SH +6) [demonic ancestry]
  2525 | D:4      | Reached XP level 5. HP: 33/42 MP: 5/5
  2568 | D:4      | Reached skill level 4 in Maces & Flails
  2587 | D:4      | Noticed Menkaure
  2597 | D:4      | Killed Menkaure
  2597 | D:4      | Reached XP level 6. HP: 39/48 MP: 6/6
  2674 | D:4      | Reached *** piety under Trog
  2842 | D:4      | Reached skill level 5 in Maces & Flails
  3283 | D:5      | Entered Level 5 of the Dungeon
  3328 | D:5      | Gained mutation: You have sharp toenails. [demonic ancestry]
  3328 | D:5      | Reached XP level 7. HP: 12/55 MP: 7/7
  3603 | D:5      | Found Maorghil's Food Emporium.
  3661 | D:5      | Found Saloa's Assorted Antiques.
  3686 | D:5      | Noticed a hand axe
  3686 | D:5      | Noticed a hand axe
  3687 | D:5      | Found a hide-covered altar of Uskayaw.
  3836 | D:5      | Reached skill level 6 in Maces & Flails
  3836 | D:5      | Reached skill level 1 in Stealth
  3842 | D:5      | Gained mutation: You have razor-sharp toenails. [demonic ancestry]
  3842 | D:5      | Reached XP level 8. HP: 30/61 MP: 8/8
  3848 | D:5      | Found a white marble altar of Elyvilon.
  4125 | D:5      | Found Gamihoamm's Distillery.
  4194 | D:5      | Found Immeack's Antique Armour Shoppe.
  4241 | D:5      | Found Ilock's Assorted Antiques.
  4467 | D:6      | Reached skill level 5 in Fighting
  4632 | D:6      | Reached skill level 7 in Maces & Flails
  4646 | D:6      | Reached **** piety under Trog
  4961 | D:6      | Found a radiant altar of Vehumet.
  5602 | D:7      | Found a shattered altar of Ashenzari.
  5602 | D:7      | Found a burning altar of Makhleb.
  5733 | D:7      | Reached skill level 8 in Maces & Flails
  5755 | D:7      | Reached XP level 9. HP: 40/69 MP: 9/9
  6130 | D:7      | Found a staircase to the Ecumenical Temple.
  6211 | D:7      | Found Buir's Gadget Shoppe.
  6222 | D:7      | Reached skill level 5 in Armour
  6494 | D:8      | Noticed Psyche
  6727 | D:8      | Noticed Joseph
  6739 | D:8      | Killed Joseph
  6739 | D:8      | Reached skill level 9 in Maces & Flails
  6762 | D:8      | Noticed polly's ghost (novice DsBe)
  7088 | D:8      | Killed polly's ghost
  7139 | D:8      | Gained mutation: You are slightly more attuned to the shadows. [demonic ancestry]
  7139 | D:8      | Reached XP level 10. HP: 61/77 MP: 10/10
  7150 | D:8      | Noticed a death yak
  7151 | D:8      | Noticed a death yak
  7167 | D:8      | Noticed a death yak
  7170 | D:8      | Killed a death yak
  7170 | D:8      | Reached skill level 10 in Maces & Flails
  7179 | D:8      | Slain by a death yak

Vault maps used:
D:1:      matt_arrival_los_fun, hex_tiny
D:2:      minitemple
D:3:      kennysheep_slugbush
D:4:      uniq_menkaure
D:5:      dancing_weapons_uskayaw, serial_shops, shop, shop, shop, shop,
          nicolae_shop_behind_doors, first_ration, elyvilon_altar_5
D:6:      nicolae_overflow_crystal_walls
D:7:      chequers_temple_overflow_statue_of_worship, temple_fountains,
          serial_shops, nicolae_shop_crystal
D:8:      dpeg_lair_monsters, uniq_psyche, uniq_joseph

Skill      XL: |  1  2  3  4  5  6  7  8  9 10 |
---------------+-------------------------------+-----
Maces & Flails | 3 4 5 6 8 9 10 | 10.0
Dodging        | 2 3 4 |  4.5
Fighting       | 4 5 6 7 |  7.1
Armour         | 2 3 4 6 |  6.3
Stealth        | 1 2 |  2.0

Action                   |  1- 3 |  4- 6 |  7- 9 | 10-12 || total
-------------------------+-------+-------+-------+-------++-------
Melee: Mace              |   113 |   165 |       |       ||   278
       Morningstar       |       |    27 |   296 |    20 ||   343
       Kick              |       |       |    92 |    11 ||   103
Invok: Berserk           |       |     4 |     8 |     1 ||    13
  Use: Scroll            |       |     7 |       |       ||     7
       Potion            |       |       |     2 |       ||     2
 Stab: Sleeping          |     2 |     2 |     1 |       ||     5
  Eat: Chunk             |     1 |     3 |    15 |       ||    19
       Ration            |       |     2 |     2 |       ||     4
Armor: Animal skin       |    18 |     3 |       |       ||    21
       Ring mail         |       |    52 |    60 |       ||   112
       Chain mail        |       |       |    52 |     3 ||    55
Dodge: Dodged            |    82 |   114 |   169 |     4 ||   369
Block: Other             |    16 |    45 |    87 |     3 ||   151

Table legend:
 A = Spawn XP
 B = Non-spawn XP
 C = Spawn XP percentage of total XP
 D = Spawn monster count
 E = Non-spawn monster count
 F = Spawn count percentage of total count
 G = Total turns spent on level
                    A         B        C        D         E        F      G
               +---------+---------+-------+---------+---------+-------+---------
         Total |       0 |    6453 |   0.0 |       0 |     169 |   0.0 |  7179
               +---------+---------+-------+---------+---------+-------+---------
           D:1 |       0 |      60 |   0.0 |       0 |      27 |   0.0 |   936
           D:2 |       0 |      40 |   0.0 |       0 |      16 |   0.0 |   867
           D:3 |       0 |      79 |   0.0 |       0 |      22 |   0.0 |   649
           D:4 |       0 |     525 |   0.0 |       0 |      16 |   0.0 |   831
           D:5 |       0 |     806 |   0.0 |       0 |      31 |   0.0 |  1120
           D:6 |       0 |     800 |   0.0 |       0 |      27 |   0.0 |  1169
           D:7 |       0 |    1128 |   0.0 |       0 |      12 |   0.0 |  1107
           D:8 |       0 |    3015 |   0.0 |       0 |      18 |   0.0 |   500
               +---------+---------+-------+---------+---------+-------+---------
